 Dungeon Crawl Stone Soup version 0.24.0-29-g8ce449bc06 (webtiles) character file.

Game seed: 16602242530030425276, levelgen mode: deterministic

2230 FishyPogo the Blocker (level 9, 0/78 HPs)
             Began as a Hill Orc Fighter on Nov 15, 2019.
             Was a Priest of Nemelex Xobeh.
             Slain by a wraith (7 damage)
             ... on level 7 of the Dungeon.
             The game lasted 00:27:28 (5631 turns).

FishyPogo the Blocker (Hill Orc Fighter)            Turns: 5631, Time: 00:27:29

Health: 0/78       AC:  9    Str: 19    XL:     9   Next: 36%
Magic:  13/13      EV:  8    Int: 10    God:    Nemelex Xobeh [***...]
Gold:   444        SH: 11    Dex: 13    Spells: 8/8 levels left

rFire    . . .     SeeInvis +   F - +4 dagger
rCold    . . .     Gourm    .   c - +0 shield
rNeg     . . .     Faith    .   b - +1 scale mail
rPois    .         Spirit   .   (no helmet)
rElec    .         Reflect  .   (no cloak)
rCorr    +         Harm     .   (no gloves)
MR       .....                  n - +0 pair of boots (curse)
Stlth    ..........             (no amulet)
HPRegen  0.23/turn              o - ring of resist corrosion
MPRegen  0.13/turn              D - ring of see invisible

@: slowed, lightly drained, very slow
A: talons 1, clever 1
a: Draw Escape, Draw Destruction, Draw Summoning, Triple Draw, Renounce Religion


You were on level 7 of the Dungeon.
You worshipped Nemelex Xobeh.
Nemelex Xobeh was most pleased with you.
You were hungry.

You visited 1 branch of the dungeon, and saw 7 of its levels.

You collected 444 gold pieces.

Inventory:

Hand Weapons
 a - a +0 war axe
 t - a +2 dagger of venom
 F - a +4 dagger (weapon)
Missiles
 e - 269 stones
 m - 33 poisoned darts (quivered)
 u - 3 boomerangs
 E - 8 silver javelins
 I - 7 javelins
Armour
 b - a +1 scale mail (worn)
 c - a +0 shield (worn)
 n - a cursed +0 pair of boots (worn)
Magical Staves
 d - an uncursed staff of poison
Jewellery
 o - a ring of resist corrosion (left hand)
 q - an uncursed ring of positive energy
 C - an uncursed ring of flight
 D - a ring of see invisible (right hand)
Wands
 j - a wand of enslavement (4)
 w - a wand of paralysis (21)
 y - a wand of digging (11)
Scrolls
 g - a scroll of amnesia {unknown}
 h - 6 scrolls of enchant weapon {unknown}
 i - 7 scrolls of teleportation
 k - 2 scrolls of immolation
 p - 5 scrolls of identify
 v - 3 scrolls of remove curse {unknown}
 z - 2 scrolls of enchant armour
 A - 2 scrolls of fog
 B - a scroll of torment {unknown}
Potions
 l - a potion of haste
 r - a potion of lignification
 s - 2 potions of curing {unknown}
 x - a potion of heal wounds
 G - 2 potions of agility
 K - a potion of ambrosia {unknown}
 L - a potion of magic
Comestibles
 f - 8 rations
 H - 3 chunks of flesh


   Skills:
 + Level 6.7(6.2) Fighting
 - Level 3.1(2.7) Axes
 - Level 3.0(2.6) Throwing
 + Level 6.0(5.5) Armour
 * Level 8.0(7.5) Shields
 + Level 4.7(4.3) Invocations
 * Level 5.3(4.9) Evocations


You had 8 spell levels left.
You didn't know any spells.
Your spell library contained the following spells:

 Spells                   Type           Power        Failure   Level  Hunger
 Summon Small Mammal      Summ           #...         95%         1    ##.....
 Call Imp                 Summ           #.......     99%         2    ###....
 Call Canine Familiar     Summ           #.......     100%        3    ####...
 Summon Guardian Golem    Hex/Summ       #.......     100%        3    ####...
 Summon Ice Beast         Ice/Summ       #.......     100%        4    #####..
 Summon Lightning Spire   Summ/Air       #.......     100%        4    #####..


Dungeon Overview and Level Annotations

Branches:
Dungeon (7/15)             Temple (0/1) D:5

Altars:
Ashenzari
Cheibriados
Dithmenos
Elyvilon
Fedhas
Hepliaklqana
Kikubaaqudgha
Nemelex Xobeh
Trog
Uskayaw
Wu Jian
The Shining One

Annotations:
D:5 2 transporters, endorz's ghost, novice FoFi


Innate Abilities, Weirdness & Mutations

You have sharp toenails.
Your mind is acute. (Int +2)


Message History

You hit the wraith.
The wraith is heavily damaged.
You block the wraith's attack. The wraith barely misses you.
You hit the wraith but do no damage.
The wraith is heavily damaged.
The wraith hits you.
* * * LOW HITPOINT WARNING * * *
The wraith drains your vigour!
You feel as though you will be slow longer.
The wraith closely misses you.
You hit the wraith.
The wraith is severely damaged.
You block the wraith's attack.
You hit the wraith but do no damage.
The wraith is severely damaged.
The wraith hits you!
* * * LOW HITPOINT WARNING * * *
The wraith hits you!
You die...
Your body glows with a rainbow of weird colours and disappears.

##### .......
........# ##
........W# #...
..........########...#
............##.....#
.............#.W@..##
.................###
.............##.##
............###.#
...........## #..
#.........## ##.#
..........# รท.
.........## .##
........## ##


You could see a wraith.

Vanquished Creatures
  An orc warrior (D:6)
  2 ice beasts (D:4)
  A black bear (D:5)
  4 ogres
  A centaur (D:7)
  A big kobold (D:7)
  A bullfrog (D:6)
  A water moccasin zombie (D:5)
  A killer bee (D:6)
  2 wights (D:7)
  2 crimson imps
  4 hounds
  5 orc priests
  A gnoll shaman (D:7)
  3 orc wizards
  A bullfrog skeleton (D:5)
  An iguana (D:7)
  Ijyb (D:3)
  A worker ant (D:7)
  A hound zombie (D:6)
  Robin (D:3)
  8 gnolls
  8 adders
  A shadow imp (D:5)
  2 oozes
  2 adder skeletons
  A worm (D:4)
  2 dart slugs
  7 leopard geckos
  13 orcs
  6 giant cockroaches
  13 goblins
  15 hobgoblins
  10 jackals
  3 quokkas
  3 ball pythons
  3 bats
  4 frilled lizards
  17 kobolds
  A leopard gecko skeleton (D:6)
  12 rats
167 creatures vanquished.

Vanquished Creatures (collateral kills)
  An ogre (D:7)
  A hound (D:7)
  An orc wizard (D:7)
  2 kobolds (D:7)
5 creatures vanquished.

Vanquished Creatures (others)
  A bullfrog (D:7)
  A wight (D:7)
  A hound (D:6)
  A ball lightning (D:7)
4 creatures vanquished.

Grand Total: 176 creatures vanquished

Notes
Turn   | Place    | Note
-------+----------+-------------------------------------------
     0 | D:1      | FishyPogo the Hill Orc Fighter began the quest for the Orb.
     0 | D:1      | Reached XP level 1. HP: 19/19 MP: 1/1
   283 | D:1      | Reached XP level 2. HP: 25/27 MP: 2/2
   820 | D:2      | Reached XP level 3. HP: 33/33 MP: 3/3
   942 | D:2      | Reached skill level 1 in Throwing
  1136 | D:2      | Found an ancient bone altar of Kikubaaqudgha.
  1205 | D:2      | Found a shattered altar of Ashenzari.
  1376 | D:3      | Reached skill level 4 in Shields
  1410 | D:3      | Found a hide-covered altar of Uskayaw.
  1413 | D:3      | Found a white marble altar of Elyvilon.
  1413 | D:3      | Found a glowing golden altar of the Shining One.
  1416 | D:3      | Found a shadowy altar of Dithmenos.
  1453 | D:3      | Noticed Robin
  1456 | D:3      | Reached XP level 4. HP: 38/40 MP: 4/4
  1472 | D:3      | Killed Robin
  1536 | D:3      | Reached XP level 5. HP: 5/46 MP: 5/5
  1540 | D:3      | Noticed Ijyb
  1626 | D:3      | Killed Ijyb
  1879 | D:3      | Found a snail-covered altar of Cheibriados.
  2200 | D:4      | Found a sparkling altar of Nemelex Xobeh.
  2205 | D:4      | Became a worshipper of Nemelex Xobeh the Trickster
  2280 | D:4      | Received a gift from Nemelex Xobeh
  2281 | D:4      | Noticed an ice beast
  2296 | D:4      | Killed an ice beast
  2296 | D:4      | Reached skill level 5 in Shields
  2296 | D:4      | Reached XP level 6. HP: 53/53 MP: 6/6
  2441 | D:4      | Noticed an ice beast
  2459 | D:4      | Killed an ice beast
  2459 | D:4      | Reached skill level 1 in Evocations
  2651 | D:4      | Reached skill level 1 in Invocations
  2651 | D:4      | Reached XP level 7. HP: 46/60 MP: 7/7
  2784 | D:4      | Found a bloodstained altar of Trog.
  2988 | D:4      | Reached * piety under Nemelex Xobeh
  3021 | D:4      | Noticed a moth of wrath
  3026 | D:4      | Found a bloodstained altar of Trog.
  3082 | D:5      | Entered Level 5 of the Dungeon
  3091 | D:5      | Reached skill level 5 in Fighting
  3134 | D:5      | Found a hazy altar of Hepliaklqana.
  3152 | D:5      | Found a transporter.
  3169 | D:5      | Found a staircase to the Ecumenical Temple.
  3191 | D:5      | Found a transporter.
  3191 | D:5      | Noticed endorz's ghost (novice FoFi)
  3329 | D:5      | Received a gift from Nemelex Xobeh
  3342 | D:5      | Reached skill level 6 in Shields
  3650 | D:6      | Reached XP level 8. HP: 69/69 MP: 10/10
  3678 | D:6      | Reached skill level 5 in Armour
  3774 | D:6      | Found an ornate altar of the Wu Jian Council.
  3775 | D:6      | Found a blossoming altar of Fedhas.
  4158 | D:6      | Reached ** piety under Nemelex Xobeh
  4380 | D:7      | Received a gift from Nemelex Xobeh
  4410 | D:7      | Reached skill level 7 in Shields
  4787 | D:7      | Reached XP level 9. HP: 53/75 MP: 12/12
  5073 | D:7      | Reached skill level 5 in Evocations
  5269 | D:7      | Received a gift from Nemelex Xobeh
  5447 | D:7      | Reached skill level 8 in Shields
  5525 | D:7      | Reached *** piety under Nemelex Xobeh
  5622 | D:7      | Gained mutation: You have sharp toenails. [potion of
                  | mutation]
  5622 | D:7      | Gained mutation: Your mind is acute. (Int +2) [potion of
                  | mutation]
  5631 | D:7      | Slain by a wraith

Levels and vault maps discovered:
D:1:      dpeg_arrival_pond, layout_loops_ring, st_stairs_9
D:2:      layout_loops_ring, marbit_many_paths, nicolae_overflow_crystal_walls
D:3:      layout_basic, grunt_temple_overflow_open, lemuel_statue_altar,
          uniq_robin, uniq_ijyb
D:4:      layout_loops_ring, tgw_trog, nemelex_xobeh_ov_fountains_minmay,
          first_ration, trog_butcher_becter
D:5:      layout_loops_ring, overflow_temple_1_default,
          minmay_temple_entry_proselytizer, gammafunk_ghost_mausoleum
D:6:      layout_gridville, gammafunk_temple_overflow_statue
D:7:      kennysheep_housing_project, layout_cave_pods, grunt_ogre_cave

Skill      XL: |  1  2  3  4  5  6  7  8  9 |
---------------+----------------------------+-----
Axes           | 3 |  3.1
Throwing       | 1 2 3 |  3.0
Shields        | 4 5 6 7 8 |  8.0
Fighting       | 4 5 6 |  6.7
Armour         | 4 5 6 |  6.0
Evocations     | 1 2 4 5 |  5.3
Invocations    | 1 2 4 |  4.7

Action                   |  1- 3 |  4- 6 |  7- 9 || total
-------------------------+-------+-------+-------++-------
Melee: War axe           |    48 |       |       ||    48
       Dagger            |    50 |   210 |   500 ||   760
Throw: Stone             |     3 |    10 |     3 ||    16
       Dart              |       |    18 |    21 ||    39
 Abil: Draw Escape       |       |     2 |     2 ||     4
       Draw Destruction  |       |       |     9 ||     9
  Use: Potion            |       |     2 |     4 ||     6
       Scroll            |       |     6 |       ||     6
  Eat: Chunk             |     2 |     4 |    10 ||    16
Armor: Scale mail        |    42 |    90 |   145 ||   277
       Skin              |       |       |    13 ||    13
Dodge: Dodged            |    20 |    50 |   130 ||   200
Block: Shield            |    41 |    77 |   268 ||   386
